TOP OF THE 1ST |
Vista Panthers batting - Pitching for Seattle Pikes : LHP Albert Lebel
|
Pitching: LHP Albert Lebel
|
|
Batting: LHB Bob Cunningham
|
0-0: Ball 1-0: Ball 2-0: Ball 3-0: Called Strike 3-1: Called Strike 3-2: Strikes out swinging, 2-3 out at first.
|
Batting: RHB Alfredo Rivera
|
0-0: Called Strike 0-1: SINGLE (Flyball, 8LS)
|
Batting: RHB Stephen Wilson
|
0-0: Ball 1-0: Called Strike 1-1: Called Strike 1-2: Ball 2-2: Fly out, F9 (Flyball, 9LD)
|
Batting: RHB Phil Matthews
|
0-0: Ball 1-0: Swinging Strike 1-1: Fly out, F7 (Flyball, 78S)
|
Top of the 1st over - 0 run(s), 1 hit(s), 0 error(s), 1 left on base; Vista 0 - Seattle 0 |
BOTTOM OF THE 1ST |
Seattle Pikes batting - Pitching for Vista Panthers : RHP Paco Canpos
|
Pitching: RHP Paco Canpos
|
|
Batting: LHB Roberto Lozano
|
0-0: Foul Ball, location: 2F 0-1: Foul Ball, location: 2F 0-2: Ball 1-2: Ball 2-2: Foul Ball, location: 2F 2-2: Ball 3-2: Foul Ball, location: 2F 3-2: Base on Balls
|
Batting: SHB António Hernández
|
0-0: Called Strike Throwing error on steal attempt, E2 Roberto Lozano to third 0-1: Fly out, F8 (Flyball, 8LM) Runner from 3rd tags up, SCORES, no throw
|
Batting: RHB Wallace Greene
|
0-0: Ball 1-0: Ball 2-0: Swinging Strike 2-1: Ball 3-1: Fly out, F2 (Popup, 13)
|
Batting: LHB David Monahan
|
0-0: Foul Ball, location: 2F 0-1: Ball 1-1: Swinging Strike 1-2: Ball 2-2: SINGLE (Line Drive, 9S)
|
Batting: RHB Manuel Rico
|
0-0: Called Strike 0-1: Foul Ball, location: 2F 0-2: Ball 1-2: Foul Ball, location: 2F 1-2: Ball 2-2: Foul Ball, location: 2F 2-2: Fielders Choice at 2nd, 6-4 (Groundball, 6)
|
Bottom of the 1st over - 1 run(s), 1 hit(s), 1 error(s), 0 left on base; Vista 0 - Seattle 1 |
TOP OF THE 2ND |
Vista Panthers batting - Pitching for Seattle Pikes : LHP Albert Lebel
|
Batting: RHB Justin Burgess
|
0-0: Fly out, F8 (Flyball, 8LD)
|
Batting: RHB Cisco Gatán
|
0-0: Foul Ball, location: 2F 0-1: Called Strike 0-2: Ball 1-2: SINGLE (Line Drive, 34D)
|
Batting: RHB Guo-xiu Choi
|
0-0: Called Strike 0-1: Ball 1-1: Called Strike 1-2: Ball 2-2: SINGLE (Groundball, 56S) (infield hit) Cisco Gatán to second
|
Batting: RHB Mario Beltrán
|
0-0: Ball 1-0: Foul Ball, location: 2F 1-1: Foul Ball, location: 2F 1-2: Ball 2-2: Foul Ball, location: 2F 2-2: Ball 3-2: Strikes out looking
|
Batting: RHB Johnny Williams
|
0-0: Swinging Strike 0-1: Called Strike 0-2: Fly out, F7 (Flyball, 78S)
|
Top of the 2nd over - 0 run(s), 2 hit(s), 0 error(s), 2 left on base; Vista 0 - Seattle 1 |
BOTTOM OF THE 2ND |
Seattle Pikes batting - Pitching for Vista Panthers : RHP Paco Canpos
|
Batting: LHB Gary Kern
|
0-0: Ball 1-0: Swinging Strike 1-1: Ground out 6-3 (Groundball, 6M)
|
Batting: RHB Pete Rideout
|
0-0: Ball 1-0: Called Strike 1-1: Ball 2-1: Fly out, F7 (Flyball, 7)
|
Batting: RHB Arnold Harmon
|
0-0: Ball 1-0: Foul Ball, location: 2F 1-1: Ball 2-1: Swinging Strike 2-2: Strikes out swinging
|
Bottom of the 2nd over - 0 run(s), 0 hit(s), 0 error(s), 0 left on base; Vista 0 - Seattle 1 |
TOP OF THE 3RD |
Vista Panthers batting - Pitching for Seattle Pikes : LHP Albert Lebel
|
Batting: LHB Bob Cunningham
|
0-0: Foul Ball, location: 2F 0-1: Foul Ball, location: 2F 0-2: Strikes out swinging
|
Batting: RHB Alfredo Rivera
|
0-0: Ball 1-0: Fly out, F9 (Flyball, 89M)
|
Batting: RHB Stephen Wilson
|
0-0: Swinging Strike 0-1: Foul Ball, location: 2F 0-2: Ball 1-2: Strikes out swinging
|
Top of the 3rd over - 0 run(s), 0 hit(s), 0 error(s), 0 left on base; Vista 0 - Seattle 1 |
BOTTOM OF THE 3RD |
Seattle Pikes batting - Pitching for Vista Panthers : RHP Paco Canpos
|
Batting: SHB Richard Bowman
|
0-0: SINGLE (Groundball, 4MD)
|
Batting: LHB Roberto Lozano
|
0-0: Ball 1-0: Called Strike 1-1: 2-RUN HOME RUN (Flyball, 7LD) (Inside the Park)
|
Batting: SHB António Hernández
|
0-0: Ball 1-0: Foul Ball, location: 2F 1-1: Ball 2-1: Foul Ball, location: 2F 2-2: Foul Ball, location: 2F 2-2: Foul Ball, location: 2F 2-2: Foul Ball, location: 2F 2-2: Ball 3-2: SINGLE (Groundball, 6MD)
|
Batting: RHB Wallace Greene
|
0-0: Ball 1-0: Ball 2-0: SINGLE (Groundball, 6MD) António Hernández to second
|
Batting: LHB David Monahan
|
0-0: Called Strike 0-1: Grounds into double play, 4-6-3 (Groundball, 4) António Hernández to third
|
Batting: RHB Manuel Rico
|
0-0: Ball 1-0: Ball 2-0: Ball 3-0: Fly out, F5 (Line Drive, 56)
|
Bottom of the 3rd over - 2 run(s), 4 hit(s), 0 error(s), 1 left on base; Vista 0 - Seattle 3 |
TOP OF THE 4TH |
Vista Panthers batting - Pitching for Seattle Pikes : LHP Albert Lebel
|
Batting: RHB Phil Matthews
|
0-0: SINGLE (Line Drive, 8LM)
|
Batting: RHB Justin Burgess
|
0-0: Swinging Strike 0-1: Fielders Choice at 2nd, 6-4 (Groundball, 6D)
|
Batting: RHB Cisco Gatán
|
0-0: Swinging Strike 0-1: Ball 1-1: Ball 2-1: Ball 3-1: Called Strike 3-2: Base on Balls Justin Burgess to second
|
Batting: RHB Guo-xiu Choi
|
0-0: Ball 1-0: Fly out, F8 (Flyball, 8RD)
|
Batting: RHB Mario Beltrán
|
0-0: Foul Ball, location: 2F 0-1: Ball Passed Ball! Justin Burgess to third Cisco Gatán to second 1-1: Ball 2-1: Ball 3-1: Swinging Strike 3-2: Foul Ball, location: 2F 3-2: Foul Ball, location: 2F 3-2: Ground out 6-3 (Groundball, 6)
|
Top of the 4th over - 0 run(s), 1 hit(s), 0 error(s), 2 left on base; Vista 0 - Seattle 3 |
BOTTOM OF THE 4TH |
Seattle Pikes batting - Pitching for Vista Panthers : RHP Paco Canpos
|
Batting: LHB Gary Kern
|
0-0: Ground out 6-3 (Groundball, 56)
|
Batting: RHB Pete Rideout
|
0-0: Ball 1-0: Ground out 4-3 (Groundball, 4M)
|
Batting: RHB Arnold Harmon
|
0-0: Ball 1-0: Called Strike 1-1: Ball 2-1: Fly out, F4 (Popup, 4)
|
Bottom of the 4th over - 0 run(s), 0 hit(s), 0 error(s), 0 left on base; Vista 0 - Seattle 3 |
TOP OF THE 5TH |
Vista Panthers batting - Pitching for Seattle Pikes : LHP Albert Lebel
|
Batting: RHB Johnny Williams
|
0-0: Ball 1-0: Called Strike 1-1: Ground out 5-3 (Groundball, 5S)
|
Batting: LHB Bob Cunningham
|
0-0: Ball 1-0: Foul Ball, location: 2F 1-1: Ball 2-1: Ball 3-1: Called Strike 3-2: Foul Ball, location: 2F 3-2: Ground out 4-3 (Groundball, 4S)
|
Batting: RHB Alfredo Rivera
|
0-0: Ball 1-0: SINGLE (Groundball, 56D)
|
Batting: RHB Stephen Wilson
|
0-0: Called Strike 0-1: Ball 1-1: Swinging Strike Pickoff Throw to First - Error! E1 Alfredo Rivera to second 1-2: Strikes out looking
|
Top of the 5th over - 0 run(s), 1 hit(s), 1 error(s), 1 left on base; Vista 0 - Seattle 3 |
BOTTOM OF THE 5TH |
Seattle Pikes batting - Pitching for Vista Panthers : RHP Paco Canpos
|
Batting: SHB Richard Bowman
|
0-0: Called Strike 0-1: Ball 1-1: Ball 2-1: Ball 3-1: Foul Ball, location: 2F 3-2: Foul Ball, location: 2F 3-2: Fly out, F7 (Flyball, 7S)
|
Batting: LHB Roberto Lozano
|
0-0: Called Strike 0-1: Swinging Strike 0-2: Ball 1-2: SINGLE (Line Drive, 8LS)
|
Batting: SHB António Hernández
|
0-0: Swinging Strike 0-1: Grounds into double play, 6-4-3 (Groundball, 6)
|
Bottom of the 5th over - 0 run(s), 1 hit(s), 0 error(s), 0 left on base; Vista 0 - Seattle 3 |
TOP OF THE 6TH |
Vista Panthers batting - Pitching for Seattle Pikes : LHP Albert Lebel
|
Batting: RHB Phil Matthews
|
0-0: Foul Ball, location: 2F 0-1: Foul Ball, location: 2F 0-2: SINGLE (Line Drive, 4M)
|
Batting: RHB Justin Burgess
|
0-0: Ball Phil Matthews is caught stealing 2nd base 1-0: Fly out, F9 (Flyball, 9S)
|
Batting: RHB Cisco Gatán
|
0-0: Ground out 4-3 (Groundball, 4)
|
Top of the 6th over - 0 run(s), 1 hit(s), 0 error(s), 0 left on base; Vista 0 - Seattle 3 |
BOTTOM OF THE 6TH |
Seattle Pikes batting - Pitching for Vista Panthers : RHP Paco Canpos
|
Pitching: RHP Yajirobei Endo
|
|
Batting: RHB Wallace Greene
|
0-0: Ball 1-0: Fly out, F3 (Popup, 3S)
|
Batting: LHB David Monahan
|
0-0: Called Strike 0-1: Called Strike 0-2: Ground out 1-3 (Groundball, P)
|
Batting: RHB Manuel Rico
|
0-0: Called Strike 0-1: Ball 1-1: Called Strike 1-2: Ground out 5-3 (Groundball, 5)
|
Bottom of the 6th over - 0 run(s), 0 hit(s), 0 error(s), 0 left on base; Vista 0 - Seattle 3 |
TOP OF THE 7TH |
Vista Panthers batting - Pitching for Seattle Pikes : LHP Albert Lebel
|
Batting: RHB Guo-xiu Choi
|
0-0: Called Strike 0-1: Ball 1-1: Ball 2-1: SINGLE (Line Drive, 89S)
|
Batting: RHB Mario Beltrán
|
0-0: Called Strike Guo-xiu Choi steals 2nd base 0-1: Foul Ball, location: 2F 0-2: Ball 1-2: Strikes out swinging
|
Pitching: RHP Orlando Ojeda
|
|
Batting: RHB Johnny Williams
|
0-0: Called Strike 0-1: Foul Ball, location: 2F 0-2: SINGLE (Groundball, 56D) Guo-xiu Choi to third
|
Pitching: LHP Allen Purss
|
|
Batting: LHB Bob Cunningham
|
0-0: Called Strike 0-1: Ball 1-1: Fly out, F7 (Flyball, 78D) Runner from 3rd tags up, SCORES, no throw
|
Pitching: RHP Francisco Carrasco
|
|
Batting: RHB Alfredo Rivera
|
0-0: Ball 1-0: Ball 2-0: Called Strike 2-1: SINGLE (Groundball, 6D) Johnny Williams to second
|
Batting: RHB Stephen Wilson
|
0-0: Ball 1-0: Ball 2-0: Ball 3-0: Base on Balls Johnny Williams to third Alfredo Rivera to second
|
Pinch Hitting: LHB Juan Cortés
|
0-0: Swinging Strike 0-1: Ball 1-1: Called Strike 1-2: Ball Wild Pitch! Johnny Williams scores Alfredo Rivera to third Stephen Wilson to second 2-2: Strikes out looking
|
Top of the 7th over - 2 run(s), 3 hit(s), 0 error(s), 2 left on base; Vista 2 - Seattle 3 |
BOTTOM OF THE 7TH |
Seattle Pikes batting - Pitching for Vista Panthers : RHP Yajirobei Endo
|
Now in RF: Juan Cortés
|
|
Batting: LHB Gary Kern
|
0-0: Fly out, F8 (Flyball, 89D)
|
Batting: RHB Pete Rideout
|
0-0: Ground out 5-3 (Groundball, 5S)
|
Batting: RHB Arnold Harmon
|
0-0: Ball 1-0: Ball 2-0: Fly out, F9 (Line Drive, 9)
|
Bottom of the 7th over - 0 run(s), 0 hit(s), 0 error(s), 0 left on base; Vista 2 - Seattle 3 |
TOP OF THE 8TH |
Vista Panthers batting - Pitching for Seattle Pikes : RHP Francisco Carrasco
|
Pitching: LHP Manny Sandoval
|
|
Now at 1B: Orlando Núńes
|
|
Batting: RHB Justin Burgess
|
0-0: Ball 1-0: Called Strike 1-1: Foul Ball, location: 2F 1-2: Foul Ball, location: 2F 1-2: Ball 2-2: Strikes out swinging
|
Batting: RHB Cisco Gatán
|
0-0: Called Strike 0-1: Ground out 6-3 (Groundball, 6)
|
Batting: RHB Guo-xiu Choi
|
0-0: Called Strike 0-1: Ball 1-1: Ball 2-1: Ball 3-1: Base on Balls
|
Batting: RHB Mario Beltrán
|
0-0: Ball 1-0: Foul Ball, location: 2F 1-1: Fielders Choice at 2nd, 4-6 (Groundball, 4)
|
Top of the 8th over - 0 run(s), 0 hit(s), 0 error(s), 0 left on base; Vista 2 - Seattle 3 |
BOTTOM OF THE 8TH |
Seattle Pikes batting - Pitching for Vista Panthers : RHP Yajirobei Endo
|
Batting: SHB Richard Bowman
|
0-0: Ball 1-0: Foul Ball, location: 2F 1-1: Swinging Strike 1-2: Ground out 6-3 (Groundball, 6MS)
|
Batting: LHB Roberto Lozano
|
0-0: Ground out U3 (Groundball, 3L)
|
Batting: SHB António Hernández
|
0-0: Ball 1-0: Ball 2-0: Ball 3-0: Base on Balls
|
Batting: RHB Wallace Greene
|
0-0: SINGLE (Groundball, 56S) (infield hit) António Hernández to second
|
Batting: LHB David Monahan
|
0-0: Ball 1-0: Foul Ball, location: 2F 1-1: Ground out 3-1 (Groundball, 34S)
|
Bottom of the 8th over - 0 run(s), 1 hit(s), 0 error(s), 2 left on base; Vista 2 - Seattle 3 |
TOP OF THE 9TH |
Vista Panthers batting - Pitching for Seattle Pikes : LHP Manny Sandoval
|
Pinch Hitting: SHB Mark Wells
|
0-0: Called Strike 0-1: Ball 1-1: Called Strike 1-2: Ground out 6-3 (Groundball, 6)
|
Batting: LHB Bob Cunningham
|
0-0: Ball 1-0: Called Strike 1-1: Foul Ball, location: 2F 1-2: Foul Ball, location: 2F 1-2: Foul Ball, location: 2F 1-2: Strikes out swinging
|
Batting: RHB Alfredo Rivera
|
0-0: Ball 1-0: Called Strike 1-1: Foul Ball, location: 2F 1-2: Foul Ball, location: 2F 1-2: Foul Ball, location: 2F 1-2: Foul Ball, location: 2F 1-2: Fly out, F7 (Line Drive, 7D)
|
Top of the 9th over - 0 run(s), 0 hit(s), 0 error(s), 0 left on base; Vista 2 - Seattle 3 |
|